AoeStats
← Reis

Nomad

505524012Analyzed
4v4 RM · 24d ago on Sep 9, 2026· 48m 43s· 8 players
Game mode
Random Map
Map size
231×231
Population
200
Speed
Normal
Resources
Standard
Victory
Conquest
Starting age
Dark Age
Ending age
Imperial Age
RankedLock teamsTeams togetherTeam positionsShared explorationLock speedFull tech treeHidden civsTurbo modeCheats
Victory
Defeat
🇨🇳 Persians · China
1614
+12
🇨🇳 Vietnamese · China
1596
+12
🇨🇳 Mongols · China
1554
+14
🇨🇳 Huns · China
1327
+24
🇩🇪 Japanese · Germany
1556
-17
🇦🇷 Persians · Argentina
1525
-16
🇵🇪 Spanish · Peru
1488
-15
🇨🇭 Bulgarians · Switzerland
1467
-14
PWLG | Legend
14:31 Feudal Age
14:19 Loom
18:00 Castle Age
16:18 Gold Mining
18:30 Wheelbarrow
17:41 Double-Bit Axe
18:56 Medium Warships
19:00 Forging
20:14 Wheelbarrow
19:46 Fishing Lines
20:20 Bow Saw
20:16 Town Watch
20:32 Fishing Lines
22:09 Iron Casting
25:50 Gillnets
29:18 Careening
30:00 Clinker Construction
32:28 Hand Cart
33:13 Gold Shaft Mining
33:52 Bloodlines
33:42 Husbandry
33:52 Bloodlines
33:42 Husbandry
35:37 Stone Mining
36:09 Scale Barding Armor
38:48 Imperial Age
37:31 Chain Barding Armor
37:29 Horse Collar
39:41 Plate Barding Armor
38:30 Cavalier
40:52 Blast Furnace
42:00 Conscription
42:04 Savar
44:34 Fletching
DaKrankVieh
4:52 Loom
12:51 Feudal Age
13:01 Man-at-Arms
16:00 Double-Bit Axe
16:42 Fletching
23:40 Castle Age
23:49 Crossbowman
24:34 Gold Mining
24:42 Bodkin Arrow
26:39 Padded Archer Armor
30:28 Ballistics
31:43 Leather Archer Armor
41:58 Imperial Age
40:28 Thumb Ring
42:43 Bracer
42:26 Arbalester
46:44 Chemistry
47:09 Pikeman
Meliod27
5:02 Loom
12:56 Feudal Age
16:57 Castle Age
16:25 Horse Collar
19:09 Double-Bit Axe
26:37 Padded Archer Armor
28:24 Fletching
29:20 Leather Archer Armor
32:16 Wheelbarrow
33:14 Scale Barding Armor
33:20 Forging
33:39 Bloodlines
33:29 Husbandry
36:35 Chain Barding Armor
37:24 Forging
38:29 Hand Cart
42:01 Imperial Age
40:16 Bodkin Arrow
41:20 Murder Holes
41:36 Masonry
41:35 Elite Skirmisher
43:15 Conscription
44:45 Town Watch
45:24 Ballistics
45:17 Gold Mining
46:32 Thumb Ring
46:41 Bracer
Reis
6:21 Loom
13:48 Feudal Age
18:17 Castle Age
16:15 Fishing Lines
19:40 Fletching
20:14 Bodkin Arrow
Marlin
4:37 Loom
12:32 Feudal Age
16:15 Castle Age
15:42 Double-Bit Axe
25:47 Fletching
26:54 Bodkin Arrow
28:20 Padded Archer Armor
37:58 Imperial Age
37:19 Leather Archer Armor
38:15 Wheelbarrow
37:55 Bow Saw
38:28 Ballistics
38:44 Bracer
39:07 Conscription
40:15 Hand Cart
40:38 Bloodlines
40:29 Husbandry
41:47 Husbandry
43:01 Chemistry
43:02 Thumb Ring
45:37 Elite Mangudai
46:23 Gold Mining
48:43 Parthian Tactics
给你一棒槌
4:47 Loom
13:54 Feudal Age
15:16 Fishing Lines
18:13 Castle Age
16:11 Double-Bit Axe
16:49 Gold Mining
17:42 Fletching
18:52 Bodkin Arrow
19:09 Bow Saw
19:57 Wheelbarrow
19:48 Gillnets
21:19 Padded Archer Armor
24:18 Bloodlines
25:49 Hand Cart
26:05 Horse Collar
28:45 Heavy Plow
28:36 Town Watch
29:14 Leather Archer Armor
30:06 Thumb Ring
35:29 Imperial Age
33:32 Husbandry
36:28 Bracer
36:10 Heavy Cavalry Archer
38:03 Chemistry
36:29 Capped Ram
38:38 Ring Archer Armor
40:36 Coinage
42:03 Banking
42:39 Two-Man Saw
42:10 Crop Rotation
42:02 Paper Money
42:35 Town Patrol
43:51 Guilds
46:55 Hoardings
啥牌子的
3:39 Loom
12:42 Feudal Age
13:05 Double-Bit Axe
13:18 Gold Mining
16:29 Town Watch
17:44 Wheelbarrow
18:08 Fishing Lines
19:17 Horse Collar
24:35 Castle Age
23:09 Stone Mining
23:46 Bloodlines
24:48 Scale Barding Armor
25:57 Fletching
26:11 Husbandry
29:58 Bow Saw
39:42 Heavy Plow
45:50 Imperial Age
44:45 Gold Shaft Mining
44:58 Chain Barding Armor
44:48 Forging
45:02 Forging
45:30 Cavalier
47:18 Plate Barding Armor
47:19 Iron Casting
47:53 Crop Rotation
46:46 Savar
48:22 Hoardings
49:47 Blast Furnace
XinHai
15:26 Feudal Age
22:26 Castle Age
21:02 Stone Mining
21:15 Padded Archer Armor
21:06 Fletching
21:08 Gold Mining
21:57 Wheelbarrow
24:10 Fishing Lines
24:45 Medium Warships
26:11 Gold Shaft Mining
26:15 Leather Archer Armor
25:56 Bodkin Arrow
27:43 Clinker Construction
27:44 Careening
27:38 Double-Bit Axe
31:22 Ballistics
34:01 Murder Holes
38:07 Forging
38:17 Horse Collar
38:25 Loom
42:50 Imperial Age
41:30 Iron Casting
41:00 Scale Barding Armor
41:46 Bow Saw
41:40 Heavy Plow
43:18 Chain Barding Armor
43:20 Thumb Ring
43:49 Hand Cart
44:25 Husbandry
44:36 Bloodlines
43:46 Light Cavalry
45:00 Conscription
44:02 Elite Tarkan
45:24 Parthian Tactics
44:20 Heavy Cavalry Archer
44:21 Elite Skirmisher
46:46 Chemistry
45:51 Bracer
46:51 Blast Furnace
46:27 Plate Barding Armor
45:41 Town Watch
45:44 Hussar
Connection lost

Rejoining the realm…

Still unreachable

The connection could not be restored.

Session expired

The server has moved on; the page needs a fresh start.